 Dungeon Crawl Stone Soup version 0.20-a0-214-gb74cb0e (webtiles) character file.

30526 AlphabetPasta the Unseen (level 13, 0/67 HPs)
             Began as a Spriggan Berserker on Nov 27, 2016.
             Was a High Priest of Trog.
             Killed by vampiric draining
             ... invoked by a vampire knight
              (21 damage)
             ... on level 12 of the Dungeon.
             The game lasted 01:47:09 (15888 turns).

AlphabetPasta the Unseen (Spriggan Berserker)      Turns: 15888, Time: 01:47:10

Health: 0/67       AC:  7    Str: 13    XL:     13   Next: 21%
Magic:  20/20      EV: 33    Int:  9    God:    Trog [*****.]
Gold:   989        SH:  9    Dex: 25    Spells: 12/12 levels left

rFire  . . .     SeeInvis +     c - +4 scimitar (flame)
rCold  . . .     Gourm    .     I - +2 robe {MR+}
rNeg   . . .     Faith    .     D - +0 buckler
rPois  .         Spirit   .     G - +0 hat
rElec  .         Reflect  .     u - +2 cloak
rCorr  .         Harm     .     (gloves unavailable)
MR     +++..                    (boots unavailable)
Stlth  ++++++++..               (no amulet)
                                (no ring)
                                x - ring of flight

@: agile, very quick
A: unfitting armour, see invisible, herbivore 3, speed 3, slow metabolism 2
a: Berserk, Trog's Hand, Brothers in Arms, Burn Spellbooks, Renounce Religion,
Evoke Flight


You were on level 12 of the Dungeon.
You worshipped Trog.
Trog was extremely pleased with you.
You were not hungry.

You visited 1 branch of the dungeon, and saw 12 of its levels.

You collected 989 gold pieces.

Inventory:

Hand Weapons
 a - a +5 dagger of venom
 b - a +0 blowgun
 c - a +4 scimitar of flaming (weapon)
 d - a +5 antimagic rapier
 n - a +0 falchion
 E - a +2 falchion of holy wrath
 H - a +1 short sword
 M - a +1 long sword of pain
 Y - the +8 arbalest of Xihanait {elec, rC++ Str+3 Stlth-, unknown}
   (You took it off a wight on level 12 of the Dungeon)

   It charges the ammunition it shoots with electricity; occasionally upon a
   hit, such missiles may discharge and cause terrible harm.
   It affects your strength (+3).
   It greatly protects you from cold.
   It makes you less stealthy.
Missiles
 y - 12 tomahawks (quivered)
 z - 3 throwing nets
 A - 35 poisoned needles
 V - 2 steel tomahawks
Armour
 u - a +2 cloak (worn)
 D - a +0 buckler (worn)
 G - a +0 hat (worn)
 I - a +2 robe of magic resistance (worn)
Jewellery
 l - an uncursed amulet of regeneration
 x - a ring of flight (left hand)
 P - an uncursed ring of poison resistance {unknown}
 Q - an uncursed ring of protection from magic {unknown}
Wands
 g - a wand of flame (0/48)
 k - a wand of digging (16/24)
 r - a wand of lightning (0/15)
 t - a wand of polymorph (10/24)
 C - a wand of slowing (33/48)
 F - a wand of random effects (19/48)
 J - a wand of iceblast (8/15)
 K - a wand of digging (9/24)
 R - a wand of confusion (12/48)
 T - a wand of flame (1/48)
 U - a wand of slowing (15/48)
 W - a wand of paralysis (6/24)
 X - a wand of lightning (5/15)
 Z - a wand of digging (10/24)
Scrolls
 o - 2 scrolls of fog
 q - 6 scrolls of teleportation
 B - 6 scrolls of identify
 L - a scroll of fear {unknown}
 O - 2 scrolls of enchant armour
 S - 3 scrolls of magic mapping
Potions
 e - 7 potions of might
 f - 2 potions of flight
 h - 5 potions of haste
 i - a potion of curing
 j - a potion of cure mutation
 m - a potion of brilliance
 s - a potion of resistance
 v - a potion of agility
 N - a potion of invisibility
Comestibles
 p - 6 bread rations
 w - 2 fruits


   Skills:
 + Level 7.6 Fighting
 * Level 13.4 Short Blades
 + Level 7.3 Throwing
 + Level 9.3 Dodging
 + Level 16.2 Stealth
 + Level 5.3 Shields
 - Level 8.0 Evocations


You had 12 spell levels left.
You didn't know any spells.

Dungeon Overview and Level Annotations

Branches:
Dungeon (12/15)            Temple (0/1) D:7            Lair (0/6) D:11
    Orc (0/2) D:12

Altars:
Dithmenos
Uskayaw
Xom
Zin
Beogh


Innate Abilities, Weirdness & Mutations

You are very small and have problems with some larger weapons.
You are too small for most types of armour.
You have supernaturally acute eyesight. (SInv)
You are a herbivore.
You cover ground extremely quickly.
You need consume almost no food.


Message History

The vampire knight barely misses you.
You riposte.
You hit the vampire knight but do no damage.
The vampire knight hits your troll with a broad axe.
The vampire knight misses you.
Your troll barely misses the vampire knight.
Your troll claws the vampire knight! x2
You hit the vampire knight but do no damage.
The vampire knight is moderately damaged.
Your troll is no longer berserk.
Your troll bites the vampire knight!
Your troll claws the vampire knight but does no damage.
Your troll claws the vampire knight!
The vampire knight is infused with unholy energy.
The vampire knight draws life force from you and is healed!
Your troll bites the vampire knight but does no damage.
Your troll claws the vampire knight but does no damage. x2
You feel agile all of a sudden.
Your troll disappears in a puff of smoke!
The vampire knight is infused with unholy energy.
You die...

......####...# .§≈≈§≈≈#§§≈≈
.....>.......####################
.)....#####..##§§§≈≈≈.≈≈≈≈§§#≈≈§≈
......# #..##≈≈§≈§...§≈§§§#≈≈≈§
......# #..##≈≈≈≈.....≈§§§#≈≈≈≈
......# #..##§≈≈.......§§≈#≈≈≈.
.....)# #..##≈≈..8...8..≈≈#≈≈..
......# #...#≈(..........≈#≈...
###...# #..)()@V...8...((('.... #
#...# #...#≈§..........≈#≈... #
#...# #()##≈§..8...8(.≈≈#§≈.. #
#...# #.(##§≈≈......§≈§§#≈≈≈. #
#...# #.(##§≈≈§.....≈≈≈§#§§§≈ #
#...# #()##§§≈≈§...≈§≈§§#§§§§ #
#...# #..##§≈§≈≈§.≈≈≈≈§≈#§§§≈ #
#...# #((#################### #
#...# #.)# #..............


You could see a vampire knight.

Vanquished Creatures
  Gastronok (D:8)
  An orc warlord (D:12)
  A hydra (D:11)
  Erica (D:8)
  2 centaur warriors (D:12)
  A hell knight (D:12)
  A skeletal warrior (D:12)
  3 hill giants
  Pikel (D:5)
  3 ugly things (D:12)
  2 cyclopes (D:12)
  A deep elf mage (D:12)
  A manticore (D:12)
  Psyche (D:8)
  A centaur skeleton (D:12)
  3 kobold demonologists (D:11)
  2 gargoyles
  A tengu conjurer (D:12)
  An efreet (D:12)
  2 trolls
  2 polar bears (D:9)
  A hornet (D:11)
  A two-headed ogre (D:12)
  11 slime creatures (D:12)
  4 hippogriffs
  5 wyverns
  30 yaks
  A basilisk (D:12)
  A wraith (D:12)
  4 hungry ghosts
  A steam dragon (D:9)
  2 wargs (D:11)
  A soldier ant (D:12)
  2 water moccasins
  4 orc warriors
  A slave (D:5)
  A black bear (D:12)
  7 sky beasts
  5 ice beasts
  2 necrophages
  3 phantoms
  5 ogres
  11 centaurs
  A crocodile (D:12)
  5 bullfrogs
  6 big kobolds
  A gnoll sergeant (D:8)
  4 scorpions
  12 wights
  4 howler monkeys
  3 crimson imps
  6 lava snakes (D:12)
  A bullfrog zombie (D:12)
  A bullfrog skeleton (D:11)
  7 hounds
  Crazy Yiuf (D:5)
  7 orc priests
  3 jellies
  4 iguanas
  10 orc wizards
  5 worker ants
  A centaur simulacrum (D:9)
  A worker ant zombie (D:5)
  A howler monkey zombie (D:11)
  13 gnolls
  12 adders
  3 shadow imps
  2 white imps (D:9)
  4 ufetubi (D:9)
  An ooze (D:4)
  An adder skeleton (D:5)
  4 worms
  2 dart slugs
  2 adder simulacra (D:9)
  8 leopard geckos
  31 orcs
  A ball python (D:3)
  6 bats
  4 giant cockroaches
  8 goblins
  7 hobgoblins
  5 jackals (D:7)
  18 kobolds
  3 quokkas
  4 frilled lizards
  A leopard gecko skeleton (D:6)
  A quokka skeleton (D:4)
  8 rats
  A plant (D:11)
369 creatures vanquished.

Vanquished Creatures (others)
  An ice beast (D:5)
  A wight (D:12)
2 creatures vanquished.

Grand Total: 371 creatures vanquished

Notes
Turn   | Place    | Note
-------+----------+-------------------------------------------
     0 | D:1      | AlphabetPasta the Spriggan Berserker began the quest for the Orb.
     0 | D:1      | Reached XP level 1. HP: 11/11 MP: 2/2
    50 | D:1      | Reached skill level 1 in Stealth
   230 | D:1      | Reached XP level 2. HP: 16/16 MP: 3/3
   424 | D:1      | Reached skill level 2 in Stealth
   805 | D:2      | Reached ** piety under Trog
   808 | D:2      | Reached XP level 3. HP: 18/19 MP: 4/4
   887 | D:2      | Reached skill level 3 in Stealth
   967 | D:2      | Noticed an angel
   968 | D:2      | Found a shimmering altar of Xom.
   968 | D:2      | Found a glowing silver altar of Zin.
   975 | D:2      | Reached XP level 4. HP: 20/23 MP: 5/5
   992 | D:2      | Found a faded altar of an unknown god.
  1303 | D:2      | Reached skill level 4 in Stealth
  2607 | D:4      | Reached XP level 5. HP: 18/28 MP: 6/6
  2683 | D:4      | Reached *** piety under Trog
  2683 | D:4      | Reached skill level 1 in Evocations
  2688 | D:4      | Reached skill level 5 in Short Blades
  2688 | D:4      | Reached skill level 5 in Stealth
  2838 | D:4      | Reached XP level 6. HP: 32/32 MP: 8/8
  3191 | D:5      | Entered Level 5 of the Dungeon
  3203 | D:5      | Noticed a slave
  3205 | D:5      | Noticed a slave
  3206 | D:5      | Noticed Pikel
  3207 | D:5      | Noticed a slave
  3223 | D:5      | Noticed a slave
  3239 | D:5      | Killed a slave
  3253 | D:5      | Killed Pikel
  3253 | D:5      | Reached skill level 7 in Stealth
  3253 | D:5      | Reached XP level 7. HP: 32/37 MP: 8/10
  3542 | D:5      | Reached skill level 8 in Stealth
  3897 | D:5      | Reached XP level 8. HP: 42/42 MP: 11/11
  3997 | D:5      | Found a runed door.
  4001 | D:5      | Noticed Crazy Yiuf
  4005 | D:5      | Killed Crazy Yiuf
  4082 | D:5      | Reached skill level 5 in Dodging
  4204 | D:5      | Reached skill level 9 in Stealth
  5043 | D:6      | Reached **** piety under Trog
  5043 | D:6      | Reached skill level 5 in Evocations
  5148 | D:6      | Reached skill level 10 in Stealth
  5463 | D:7      | Reached XP level 9. HP: 44/46 MP: 13/13
  5705 | D:7      | Found a staircase to the Ecumenical Temple.
  5734 | D:7      | Reached skill level 1 in Throwing
  6008 | D:7      | Reached skill level 5 in Fighting
  6008 | D:7      | Reached skill level 11 in Stealth
  6029 | D:7      | Found a shadowy altar of Dithmenos.
  6254 | D:7      | Received a gift from Trog
  6616 | D:8      | Noticed Gastronok
  6651 | D:8      | Killed Gastronok
  6651 | D:8      | Reached skill level 12 in Stealth
  6651 | D:8      | Reached skill level 1 in Shields
  6651 | D:8      | Reached XP level 10. HP: 51/51 MP: 14/16
  6843 | D:8      | Noticed Erica
  6868 | D:8      | Killed Erica
  6902 | D:8      | Noticed Psyche
  6905 | D:8      | Killed Psyche
  6905 | D:8      | Reached skill level 10 in Short Blades
  7315 | D:8      | Reached ***** piety under Trog
  7538 | D:8      | Reached skill level 13 in Stealth
  7767 | D:9      | Noticed a dagger
  7767 | D:9      | Noticed a dagger
  7772 | D:9      | Found a hide-covered altar of Uskayaw.
  7954 | D:9      | Received a gift from Trog
  8002 | D:9      | Reached XP level 11. HP: 47/56 MP: 17/17
  8739 | D:10     | Entered Level 10 of the Dungeon
  8915 | D:10     | Received a gift from Trog
  9610 | D:11     | Reached skill level 14 in Stealth
 10007 | D:11     | Reached skill level 5 in Throwing
 10029 | D:11     | Found a staircase to the Lair.
 10693 | D:11     | Noticed a hill giant
 10759 | D:11     | Killed a hill giant
 10759 | D:11     | Reached skill level 15 in Stealth
 10966 | D:11     | Noticed a four-headed hydra
 11034 | D:11     | Killed a four-headed hydra
 11109 | D:11     | Reached XP level 12. HP: 35/62 MP: 19/19
 11436 | D:12     | Noticed a centaur warrior
 11443 | D:12     | Killed a centaur warrior
 12382 | D:12     | Found a staircase to the Orcish Mines.
 12633 | D:12     | Received a gift from Trog
 12835 | D:12     | Noticed a centaur warrior
 12857 | D:12     | Found a roughly hewn altar of Beogh.
 13965 | D:12     | Killed a centaur warrior
 13968 | D:12     | Reached ****** piety under Trog
 14211 | D:12     | Reached skill level 5 in Shields
 14595 | D:12     | Received a gift from Trog
 14595 | D:12     | Reached skill level 16 in Stealth
 14924 | D:12     | Reached XP level 13. HP: 67/67 MP: 20/20
 15182 | D:12     | Got an encrusted arbalest
 15631 | D:12     | Noticed an orc warlord
 15712 | D:12     | Killed an orc warlord
 15882 | D:12     | Noticed a vampire knight
 15888 | D:12     | Killed from afar by a vampire knight

Vault maps used:
D:1:      minmay_arrival_doors, minivault_25, minmay_split_cup_large
D:2:      grunt_temple_overflow_order_and_chaos_1,
          chequers_ecumenical_altar_island
D:3:      serial_bayou_crossing
D:4:      first_bread
D:5:      uniq_pikel, uniq_crazy_yiuf_cottage
D:7:      kennysheep_six_static_rooms, mrwooster_statue_mirror, grunt_ogre_cave,
          nicolae_dithmenos_shadow_blocks
D:8:      uniq_erica, uniq_gastronok, uniq_psyche
D:9:      dancing_weapons_uskayaw, serial_ice, serial_ice_m, serial_ice_e,
          serial_ice_o, serial_ice_h, serial_ice_j, serial_ice_n
D:11:     erik_lair_orcish_takeover
D:12:     kennysheep_four_of_diamonds, minmay_orc_entry_temple_small

Skill      XL: |  1  2  3  4  5  6  7  8  9 10 11 12 |
---------------+-------------------------------------+-----
Stealth        | 1 2 3 4 5 7 8 10 12 13 15 16 | 16.2
Short Blades   | 4 5 6 8 9 10 11 13 | 13.4
Evocations     | 1 3 5 6 7 8 |  8.0
Fighting       | 3 4 5 6 7 |  7.6
Dodging        | 6 9 |  9.3
Throwing       | 3 4 5 7 |  7.3
Shields        | 1 2 3 5 |  5.3

Action                   |  1- 3 |  4- 6 |  7- 9 | 10-12 | 13-15 || total
-------------------------+-------+-------+-------+-------+-------++-------
Melee: Short sword       |    85 |   113 |       |       |       ||   198
       Dagger            |       |    44 |   361 |   415 |    34 ||   854
       Scimitar          |       |       |       |   277 |    38 ||   315
 Fire: Blowgun           |       |       |       |   202 |    25 ||   227
Throw: Tomahawk          |       |       |       |    54 |     1 ||    55
Invok: Berserk           |     2 |     3 |     2 |       |       ||     7
       Brothers in Arms  |       |       |       |       |     1 ||     1
Evoke: Wand              |       |       |     1 |    20 |    19 ||    40
  Use: Scroll            |     4 |     7 |    11 |     6 |       ||    28
       Potion            |     1 |       |     2 |     3 |     1 ||     7
 Stab: Sleeping          |     3 |    17 |    21 |    30 |     2 ||    73
       Distracted        |       |       |     1 |     4 |       ||     5
       Invisible         |       |       |       |     9 |       ||     9
       Confused          |       |       |       |     1 |       ||     1
       Paralysed         |       |       |       |       |     1 ||     1
  Eat: Bread ration      |       |     1 |     1 |       |       ||     2
       Pizza             |       |     1 |       |     1 |       ||     2
       Fruit             |       |       |     4 |     1 |     1 ||     6
       Royal jelly       |       |       |       |     1 |       ||     1
Armor: Animal skin       |     4 |     1 |    15 |     1 |       ||    21
       Robe              |       |       |       |    40 |     4 ||    44
Dodge: Dodged            |    55 |    74 |   157 |   386 |    49 ||   721
Block: Buckler           |       |       |     9 |   165 |    14 ||   188
       Rpst.: Scimitar   |       |       |       |    70 |     7 ||    77
